 Dungeon Crawl Stone Soup version 0.21.1-1-g345015f (webtiles) character file.

567 tidbits the Insei (level 7, 0/52 HPs)
             Began as a Gnoll Transmuter on Feb 20, 2018.
             Killed by vampiric draining
             ... invoked by shakethe's ghost
              (12 damage)
             ... on level 5 of the Dungeon.
             The game lasted 00:07:49 (713 turns).

tidbits the Insei (Gnoll Transmuter)                 Turns: 713, Time: 00:07:50

Health: 0/52       AC:  3    Str: 13    XL:     7   Next: 33%
Magic:  13/15      EV: 13    Int: 17    God:
Gold:   34         SH:  0    Dex: 15    Spells: 11/17 levels left

rFire    . . .     SeeInvis .     - Unarmed
rCold    . . .     Gourm    .   (no shield)
rNeg     . . .     Faith    .   b - +0 robe
rPois    .         Spirit   .   (no helmet)
rElec    .         Reflect  .   C - +0 cloak
rCorr    .         Harm     .   (no gloves)
MR       .....                  (no boots)
Stlth    +.........             (no amulet)
HPRegen  0.17/turn              (no ring)
MPRegen  0.14/turn              (no ring)

@: appendage (expiring), very slightly contaminated, heavily drained
A: distributed training, fangs 1, hooves 2, horns 2, evolution 1, strong nose
a: End Transformation


You were on level 5 of the Dungeon.
You were not hungry.
You had grown temporary horns.
You visited 1 branch of the dungeon, and saw 6 of its levels.

You collected 64 gold pieces.
You spent 30 gold pieces at shops.

Inventory:

Hand Weapons
 g - a +0 dagger
 n - a cursed +0 shortbow
 s - a +0 flail
Missiles
 a - 69 arrows
 h - 18 stones
 i - 7 tomahawks (quivered)
 q - 35 poisoned needles
 t - 9 sling bullets
Armour
 b - a +0 robe (worn)
 u - a +0 leather armour
 C - a +0 cloak (worn)
Scrolls
 j - a scroll of blinking
 k - a scroll of fog
 l - a scroll of remove curse
 v - a scroll of random uselessness {unknown}
Potions
 f - a potion of curing
 r - a potion of resistance
Books
 c - a book of Changes

   Spells                             Type                      Level
   a - Beastly Appendage              Transmutation                1
   b - Sticks to Snakes               Transmutation                2
   c - Spider Form                    Transmutation/Poison         3
   d - Ice Form                       Ice/Transmutation            4
   e - Blade Hands                    Transmutation                5
Comestibles
 d - 2 rations
 m - 6 chunks of flesh


   Skills:
 + Level 3.5(1.5) Fighting
 + Level 2.3(0.4) Short Blades
 + Level 2.3(0.4) Long Blades
 + Level 2.3(0.4) Axes
 + Level 2.3(0.4) Maces & Flails
 + Level 2.3(0.4) Polearms
 + Level 2.3(0.4) Staves
 + Level 2.3(0.4) Slings
 + Level 2.3(0.4) Bows
 + Level 2.3(0.4) Crossbows
 + Level 2.3(0.4) Throwing
 + Level 2.3(0.4) Armour
 + Level 5.2(3.1) Dodging
 + Level 2.3(0.4) Stealth
 + Level 2.3(0.4) Shields
 + Level 7.0(4.8) Unarmed Combat
 + Level 5.5(3.4) Spellcasting
 + Level 1.9(0.0) Conjurations
 + Level 1.9(0.0) Hexes
 + Level 1.9(0.0) Charms
 + Level 1.9(0.0) Summonings
 + Level 1.9(0.0) Necromancy
 + Level 1.9(0.0) Translocations
 + Level 4.3(2.2) Transmutations
 + Level 1.9(0.0) Fire Magic
 + Level 1.9(0.0) Ice Magic
 + Level 1.9(0.0) Air Magic
 + Level 1.9(0.0) Earth Magic
 + Level 1.9(0.0) Poison Magic
 + Level 2.6(0.7) Invocations
 + Level 2.3(0.4) Evocations


You had 11 spell levels left.
You knew the following spells:

 Your Spells              Type           Power        Failure   Level  Hunger
e - Beastly Appendage     Tmut           ##....       7%          1    None
k - Sticks to Snakes      Tmut           ##......     10%         2    ##.....
p - Spider Form           Tmut/Pois      #.........   30%         3    ###....


Dungeon Overview and Level Annotations

Branches:
Dungeon (6/15)             Temple (0/1) D:5

Altars:
Dithmenos

Shops:
D:5 *

Annotations:
D:5 shakethe's ghost, novice DsNe
D:6 Menkaure


Innate Abilities, Weirdness & Mutations

Your experience applies equally to all skills.
You have very sharp teeth.
Your uncanny sense of smell can sniff out nearby items.
You have hoof-like feet.
You have a pair of horns on your head.
You evolve.


Message History

You are very lightly contaminated with residual magic.
As you read the scroll labeled ERRONONGUD, it crumbles to dust.
It was a scroll of blinking.
Shakethe's ghost turns its malevolent gaze towards you.
As you read the scroll labeled SUTE ONETI, it crumbles to dust.
You feel aware of your surroundings.
It was a scroll of magic mapping.
As you read the scroll labeled HUINAU OCRAU, it crumbles to dust.
The scroll dissolves into smoke.
It was a scroll of fog.
As you read the scroll labeled RIOF QIRURUGAJ, it crumbles to dust.
You feel blessed for a moment.
It was a scroll of remove curse.
Okay, then.
Casting: Spider Form
Confirm with . or Enter, or press ? or * to list all spells.
You grow a pair of large bovine horns.
Shakethe's ghost hits you.
You feel drained.
You punch shakethe's ghost! Your headbutt misses shakethe's ghost.
Shakethe's ghost is moderately damaged.
Shakethe's ghost hits you.
* * * LOW HITPOINT WARNING * * *
You feel drained.
* * * LOW HITPOINT WARNING * * *
You hit shakethe's ghost. Your kick misses shakethe's ghost.
You bite shakethe's ghost, but do no damage.
Shakethe's ghost is moderately damaged.
Shakethe's ghost hits you but does no damage.
You feel drained.
Casting: Beastly Appendage
Confirm with . or Enter, or press ? or * to list all spells.
You create a snake!
You now have 69 arrows.
Shakethe's ghost misses you.
You hit shakethe's ghost.
You kick shakethe's ghost, but do no damage.
Your bite misses shakethe's ghost.
Shakethe's ghost is heavily damaged.
Shakethe's ghost hits you.
* * * LOW HITPOINT WARNING * * *
You feel drained.
* * * LOW HITPOINT WARNING * * *
Your ball python misses shakethe's ghost.
You hit shakethe's ghost.
Shakethe's ghost is heavily damaged.
Shakethe's ghost misses you.
Your ball python bites shakethe's ghost but does no damage.
You closely miss shakethe's ghost. Your headbutt misses shakethe's ghost.
Shakethe's ghost is heavily damaged.
Your ball python bites shakethe's ghost but does no damage.
You hit shakethe's ghost but do no damage.
Your headbutt misses shakethe's ghost.
You punch shakethe's ghost, but do no damage.
Shakethe's ghost is heavily damaged.
Shakethe's ghost hits you.
* * * LOW HITPOINT WARNING * * *
You feel drained.
Your ball python bites shakethe's ghost but does no damage.
You closely miss shakethe's ghost. Your kick misses shakethe's ghost.
You bite shakethe's ghost, but do no damage.
Shakethe's ghost is heavily damaged.
Shakethe's ghost hits you but does no damage.
You feel drained.
Your ball python barely misses shakethe's ghost.
You barely miss shakethe's ghost.
You headbutt shakethe's ghost, but do no damage.
Shakethe's ghost is heavily damaged.
Shakethe's ghost casts a spell.
Shakethe's ghost's wounds begin to heal before your eyes!
Your ball python barely misses shakethe's ghost.
You miss shakethe's ghost.
Shakethe's ghost is heavily damaged.
Shakethe's ghost closely misses you.
Your ball python misses shakethe's ghost.
You barely miss shakethe's ghost.
You kick shakethe's ghost, but do no damage.
Shakethe's ghost is heavily damaged.
Your transformation is almost over.
Your ball python closely misses shakethe's ghost.
Shakethe's ghost hits you.
* * * LOW HITPOINT WARNING * * *
You feel drained.
You hit shakethe's ghost. Your kick misses shakethe's ghost.
You headbutt shakethe's ghost, but do no damage.
Shakethe's ghost is heavily damaged.
Your ball python barely misses shakethe's ghost.
Shakethe's ghost barely misses you.
You hit shakethe's ghost.
Shakethe's ghost is heavily damaged.
Your ball python bites shakethe's ghost but does no damage.
Shakethe's ghost whispers, "Death doesn't hurt.
What you feel is life." Shakethe's ghost hits you.
* * * LOW HITPOINT WARNING * * *
You feel drained.
* * * LOW HITPOINT WARNING * * *
You closely miss shakethe's ghost. You punch shakethe's ghost.
Shakethe's ghost is heavily damaged.
Your ball python bites shakethe's ghost but does no damage.
Shakethe's ghost barely misses you.
You hit shakethe's ghost but do no damage.
Your kick misses shakethe's ghost.
Shakethe's ghost is heavily damaged.
Your ball python bites shakethe's ghost but does no damage.
Shakethe's ghost is infused with unholy energy.
You die...

.......##'## ###.#
*.#* #...
...........# #.#
*..* #...
...........# #.#
*#.* #...
...........# #.#
#.#####.
...........# #.#
*..# #. ...........#
#.# *#.# #.
...........#
#######.# #.## #.
...........#
#.§§....# #..# #.
######.....#
#§.@S§..# ##.###.
#.....# #§.W§§..#
##..##. ****#.....#
#....§..#****#<.....
*,,,,.....#
#.................#.
*,****#####
#........########.#.
*,*
#........'.,,,,,#...
*,*
#........##****,#...
**,* ######...#
*,#... **,* *,,,*
*,#...


You could see shakethe's ghost and a friendly ball python.

Vanquished Creatures
  An ogre (D:5)
  2 phantoms
  A scorpion (D:5)
  2 crimson imps
  A bullfrog skeleton (D:5)
  A worker ant (D:4)
  7 adders
  A shadow imp (D:5)
  An adder skeleton (D:4)
  2 worms
  A dart slug (D:1)
  A leopard gecko (D:5)
  3 orcs
  2 giant cockroaches
  2 kobolds (D:2)
  A bat (D:3)
  3 frilled lizards
  2 goblins
  A leopard gecko skeleton (D:4)
  5 rats
40 creatures vanquished.

Vanquished Creatures (collateral kills)
  A scorpion (D:5)
  An adder zombie (D:5)
2 creatures vanquished.

Grand Total: 42 creatures vanquished

Notes
Turn   | Place    | Note
-------+----------+-------------------------------------------
     0 | D:1      | tidbits the Gnoll Transmuter began the quest for the Orb.
     0 | D:1      | Reached XP level 1. HP: 17/17 MP: 6/6
    76 | D:2      | Reached XP level 2. HP: 22/23 MP: 5/7
   196 | D:3      | Found a shadowy altar of Dithmenos.
   250 | D:3      | Noticed a crimson imp
   266 | D:3      | Killed a crimson imp
   266 | D:3      | Reached skill level 5 in Spellcasting
   266 | D:3      | Reached skill level 1 in Invocations
   266 | D:3      | Reached XP level 3. HP: 17/28 MP: 7/9
   270 | D:3      | Learned a level 2 spell: Sticks to Snakes
   274 | D:3      | Learned a level 3 spell: Spider Form
   297 | D:3      | Reached skill level 1 in Short Blades
   297 | D:3      | Reached skill level 1 in Long Blades
   297 | D:3      | Reached skill level 1 in Axes
   297 | D:3      | Reached skill level 1 in Maces & Flails
   297 | D:3      | Reached skill level 1 in Polearms
   297 | D:3      | Reached skill level 1 in Staves
   297 | D:3      | Reached skill level 1 in Slings
   297 | D:3      | Reached skill level 1 in Bows
   297 | D:3      | Reached skill level 1 in Crossbows
   297 | D:3      | Reached skill level 1 in Throwing
   297 | D:3      | Reached skill level 1 in Armour
   297 | D:3      | Reached skill level 1 in Stealth
   297 | D:3      | Reached skill level 1 in Shields
   297 | D:3      | Reached skill level 1 in Evocations
   297 | D:3      | Reached XP level 4. HP: 25/34 MP: 7/11
   371 | D:4      | Noticed a phantom
   404 | D:4      | Killed a phantom
   404 | D:4      | Reached skill level 3 in Fighting
   404 | D:4      | Reached skill level 1 in Conjurations
   404 | D:4      | Reached skill level 1 in Hexes
   404 | D:4      | Reached skill level 1 in Charms
   404 | D:4      | Reached skill level 1 in Summonings
   404 | D:4      | Reached skill level 1 in Necromancy
   404 | D:4      | Reached skill level 1 in Translocations
   404 | D:4      | Reached skill level 1 in Fire Magic
   404 | D:4      | Reached skill level 1 in Ice Magic
   404 | D:4      | Reached skill level 1 in Air Magic
   404 | D:4      | Reached skill level 1 in Earth Magic
   404 | D:4      | Reached skill level 1 in Poison Magic
   404 | D:4      | Reached XP level 5. HP: 27/41 MP: 6/12
   410 | D:4      | Reached skill level 4 in Transmutations
   452 | D:5      | Entered Level 5 of the Dungeon
   457 | D:5      | Noticed a phantom
   497 | D:5      | HP: 1/41 [phantom (6)]
   498 | D:5      | Killed a phantom
   498 | D:5      | Reached skill level 2 in Invocations
   498 | D:5      | Reached XP level 6. HP: 2/47 MP: 2/14
   510 | D:5      | Found Nommoi's General Store.
   513 | D:5      | Bought a scroll of identify for 30 gold pieces
   521 | D:5      | Reached skill level 2 in Short Blades
   521 | D:5      | Reached skill level 2 in Long Blades
   521 | D:5      | Reached skill level 2 in Axes
   521 | D:5      | Reached skill level 2 in Maces & Flails
   521 | D:5      | Reached skill level 2 in Polearms
   521 | D:5      | Reached skill level 2 in Staves
   521 | D:5      | Reached skill level 2 in Slings
   521 | D:5      | Reached skill level 2 in Bows
   521 | D:5      | Reached skill level 2 in Crossbows
   521 | D:5      | Reached skill level 2 in Throwing
   521 | D:5      | Reached skill level 2 in Armour
   521 | D:5      | Reached skill level 5 in Dodging
   521 | D:5      | Reached skill level 2 in Stealth
   521 | D:5      | Reached skill level 2 in Shields
   521 | D:5      | Reached skill level 2 in Evocations
   545 | D:5      | Reached XP level 7. HP: 13/52 MP: 3/15
   577 | D:5      | Gained mutation: You have large cloven feet. [potion of mutation]
   577 | D:5      | Gained mutation: You have hoof-like feet. [potion of mutation]
   577 | D:5      | Gained mutation: You evolve. [potion of mutation]
   597 | D:6      | Noticed Menkaure
   619 | D:5      | Reached skill level 7 in Unarmed Combat
   694 | D:5      | Noticed shakethe's ghost (novice DsNe)
   713 | D:5      | Killed from afar by shakethe's ghost

Skill      XL: |  1  2  3  4  5  6  7 |
---------------+----------------------+-----
Spellcasting   | 5 |  5.5
Invocations    | 1 2 |  2.6
Short Blades   | 1 2 |  2.3
Long Blades    | 1 2 |  2.3
Axes           | 1 2 |  2.3
Maces & Flails | 1 2 |  2.3
Polearms       | 1 2 |  2.3
Staves         | 1 2 |  2.3
Slings         | 1 2 |  2.3
Bows           | 1 2 |  2.3
Crossbows      | 1 2 |  2.3
Throwing       | 1 2 |  2.3
Armour         | 1 2 |  2.3
Stealth        | 1 2 |  2.3
Shields        | 1 2 |  2.3
Evocations     | 1 2 |  2.3
Fighting       | 3 |  3.5
Conjurations   | 1 |  1.9
Hexes          | 1 |  1.9
Charms         | 1 |  1.9
Summonings     | 1 |  1.9
Necromancy     | 1 |  1.9
Translocations | 1 |  1.9
Fire Magic     | 1 |  1.9
Ice Magic      | 1 |  1.9
Air Magic      | 1 |  1.9
Earth Magic    | 1 |  1.9
Poison Magic   | 1 |  1.9
Transmutations | 4 |  4.3
Dodging        | 5 |  5.2
Unarmed Combat | 7 |  7.0

Action                   |  1- 3 |  4- 6 |  7- 9 || total
-------------------------+-------+-------+-------++-------
Melee: Unarmed           |    39 |    70 |    34 ||   143
       Kick              |     8 |     4 |     5 ||    17
       Bite              |     2 |     3 |     4 ||     9
       Punch             |     1 |     1 |     2 ||     4
       Headbutt          |       |       |     3 ||     3
 Cast: Beastly Appendage |     8 |     3 |     3 ||    14
       Sticks to Snakes  |     1 |     4 |     2 ||     7
       Spider Form       |       |     6 |     2 ||     8
  Use: Potion            |       |     5 |     1 ||     6
       Scroll            |       |     1 |     4 ||     5
 Stab: Distracted        |       |     1 |     1 ||     2
       Sleeping          |       |     1 |       ||     1
Armor: Robe              |     4 |     1 |     4 ||     9
       Skin              |       |     1 |     1 ||     2
Dodge: Dodged            |    20 |    42 |    19 ||    81

Table legend:
 A = Turns spent in this place as a percentage of turns spent in the entire game.
 B = Non-inter-level travel turns spent in this place as a percentage of non-inter-level travel turns spent in the entire game.
 C = Inter-level travel turns spent in this place as a percentage of turns spent in this place.
 D = Turns resting spent in this place as a percentage of non-inter-level travel turns spent in this place.
 E = Turns spent auto-exploring this place as a percentage of non-inter-level travel turns spent in this place.
 F = Non-inter-level travel turns spent in this place divided by the number of levels of this place that you've seen.
                   A       B       C       D       E      F
               +-------+-------+-------+-------+-------+----------------------
         Total | 100.0 | 100.0 |   0.0 |   0.0 |   0.0 | 118.8
       Dungeon | 100.0 | 100.0 |   0.0 |   0.0 |   0.0 | 118.8
               +-------+-------+-------+-------+-------+----------------------

Table legend:
 A = Kills in this place as a percentage of kills in entire the game.
 B = Kills by you in this place as a percentage of kills by you in the entire game.
 C = Kills by friends in this place as a percentage of kills by friends in the entire game.
 D = Other kills in this place as a percentage of other kills in the entire game.
 E = Experience gained in this place as a percentage of experience gained in the entire game.
 F = Experience gained in this place divided by the number of levels of this place that you have seen.
                   A       B       C       D       E      F
               +-------+-------+-------+-------+-------+----------------------
         Total | 100.0 | 100.0 | 100.0 |   N/A | 100.0 | 135.0
       Dungeon | 100.0 | 100.0 | 100.0 |   N/A | 100.0 | 135.0
               +-------+-------+-------+-------+-------+----------------------

Vault maps used:
D:1:      tarquinn_simple_flora_water_e
D:2:      nicolae_ru_awakened_eye
D:3:      grunt_dithmenos_smoke, kennysheep_generic_room_2
D:4:      overflow_temple_1_default, minmay_misc_feat_roman
D:5:      minmay_temple_entry_enclosed_plants, serial_shops,
          nicolae_shop_window_shopping, first_ration, uniq_ijyb, uniq_eustachio
D:6:      grunt_temple_overflow_lords_of_destruction, uniq_pikel, uniq_menkaure,
          uniq_blork_the_orc
